 Dungeon Crawl Stone Soup version 0.18.1-48-g4cf74bf (webtiles) character file.

496 tyranidshit the Fighter (level 6, -1/63 HPs)
             Began as a Minotaur Berserker on July 15, 2016.
             Was a Priest of Trog.
             Slain by an orc
             ... wielding a +2 falchion of electrocution
              (11 damage)
             ... on level 4 of the Dungeon.
             The game lasted 00:08:55 (1786 turns).

tyranidshit the Fighter (Minotaur Berserker)        Turns: 1786, Time: 00:08:55

Health: -1/63      AC:  6    Str: 23    XL:     6   Next: 93%
Magic:  5/5        EV:  7    Int:  4    God:    Trog [***...]
Gold:   168        SH:  8    Dex: 10    Spells: 0 memorised, 5 levels left

rFire  . . .     SeeInvis .     a - +0 hand axe
rCold  . . .     Gourm    .     g - +0 scale mail
rNeg   . . .     Faith    .     d - +1 shield
rPois  .         Spirit   .     (helmet restricted)
rElec  .         Dismiss  .     (no cloak)
rCorr  .         Reflect  .     (no gloves)
SustAt .         Harm     .     (no boots)
MR     .....                    (no amulet)
Stlth  ..........               (no ring)
                                (no ring)

@: slowed, very slow, not resistant to hostile enchantments, extremely
unstealthy
A: retaliatory headbutt, horns 2
a: Berserk, Trog's Hand, Burn Spellbooks, Renounce Religion


You were on level 4 of the Dungeon.
You worshipped Trog.
Trog was most pleased with you.
You were not hungry.

You visited 1 branch of the dungeon, and saw 4 of its levels.

You collected 168 gold pieces.

Inventory:

Hand Weapons
 a - a +0 hand axe (weapon)
Armour
 b - a +0 animal skin
 d - a +1 shield (worn)
 g - a +0 scale mail (worn)
Scrolls
 h - 3 scrolls of remove curse
 j - a scroll of blinking {unknown}
 k - a scroll of identify
 l - a scroll of immolation {unknown}
 n - 2 scrolls of teleportation
 o - a scroll of amnesia {unknown}
 q - a scroll of fog {unknown}
 r - a scroll of enchant armour
Potions
 f - 2 potions of degeneration {unknown}
 i - 3 potions of might {unknown}
 m - a potion of agility {unknown}
Comestibles
 c - a bread ration
 p - 2 beef jerkies


   Skills:
 + Level 9.0 Fighting
 - Level 4.4 Axes
 - Level 2.8 Armour
 - Level 2.2 Dodging


You had 5 spell levels left.
You didn't know any spells.

Dungeon Overview and Level Annotations

Branches:
Dungeon (4/15)
 Temple: D:4-7

Altars:
Elyvilon
Kikubaaqudgha
Okawaru
Yredelemnul


Innate Abilities, Weirdness & Mutations

You reflexively headbutt those who attack you in melee.
You have a pair of horns on your head.


Message History

The orc wizard points at you and mumbles some strange words.
The magic dart hits you!
The orc wizard mumbles some strange words.
The orc wizard blinks!
The orc hits you with a falchion of electrocution.
You are electrocuted!
* * * LOW HITPOINT WARNING * * *
Things that are here:
a dagger; an orc corpse The orc wizard points at you and mumbles some strange words.
You feel yourself slow down.
You hit the orc wizard.
You kill the orc wizard!
Trog accepts your kill.
Trog appreciates your killing of a magic user.
Your Fighting skill increases to level 9!
You block the orc's attack.
You barely miss the orc. The orc hits you but does no damage.
You are electrocuted!
You die...

%..... .. .....## ..
#..#.. ... #....# ....
#.#..## #... #)#.(. ##..
###†#.# .#...
##...)o###### .#...
##...†.@)....##### .....
#................. .....
#.......#######.###.....
#.......##...#......#...
##.....##..........###..
#...................###.
#....................###
#..................#.#
##.....##.....[...##.###


You could see an orc.

Vanquished Creatures
  The ghost of Rationalist the Shield-Bearer, an amateur FoFi (D:3)
  7 orc wizards
  2 orc priests
  A worker ant (D:4)
  An adder (D:2)
  A worm (D:2)
  4 dart slugs
  3 giant geckos
  13 orcs
  2 ball pythons
  3 giant cockroaches
  4 goblins
  10 hobgoblins
  5 jackals
  2 quokkas
  4 bats
  3 giant newts
  6 kobolds
  6 rats
  A spectral orc (D:2)
  A plant (D:2)
80 creatures vanquished.

Notes
Turn   | Place    | Note
--------------------------------------------------------------
     0 | D:1      | tyranidshit the Minotaur Berserker began the quest for the Orb.
     0 | D:1      | Reached XP level 1. HP: 19/19 MP: 0/0
   211 | D:1      | Reached XP level 2. HP: 27/27 MP: 1/1
   610 | D:2      | Reached skill level 4 in Fighting
   623 | D:2      | Reached ** piety under Trog
   646 | D:2      | Reached XP level 3. HP: 31/33 MP: 2/2
   845 | D:2      | Found a basalt altar of Yredelemnul.
   883 | D:2      | Found a white marble altar of Elyvilon.
  1191 | D:3      | Noticed Rationalist's ghost (amateur FoFi)
  1198 | D:3      | Reached skill level 5 in Fighting
  1201 | D:3      | Killed Rationalist's ghost
  1201 | D:3      | Reached skill level 6 in Fighting
  1201 | D:3      | Reached XP level 4. HP: 41/45 MP: 3/3
  1201 | D:3      | Reached XP level 5. HP: 47/51 MP: 4/4
  1203 | D:3      | Reached skill level 7 in Fighting
  1225 | D:3      | Found an iron altar of Okawaru.
  1357 | D:3      | Reached *** piety under Trog
  1360 | D:3      | Reached XP level 6. HP: 41/60 MP: 5/5
  1459 | D:3      | Found an ancient bone altar of Kikubaaqudgha.
  1469 | D:3      | Reached skill level 8 in Fighting
  1635 | D:4      | HP: 1/62 [something/puff of flame (8)]
  1785 | D:4      | Reached skill level 9 in Fighting
  1786 | D:4      | Slain by an orc

Skill      XL: |  1  2  3  4  5  6 |
---------------+-------------------+-----
Axes           | 4 |  4.4
Fighting       | 4 6 7 9 |  9.0
Armour         | |  2.8
Dodging        | |  2.2

Action                   |  1- 3 |  4- 6 || total
-------------------------+-------+-------++-------
Melee: Hand axe          |   125 |   125 ||   250
       Headbutt          |    23 |    23 ||    46
Invok: Berserk           |     1 |     1 ||     2
       Trog's Hand       |       |     2 ||     2
  Use: Scroll            |     4 |       ||     4
       Potion            |     3 |     3 ||     6
  Eat: Bread ration      |     1 |       ||     1
       Pizza             |       |     1 ||     1
Armor: Animal skin       |     6 |       ||     6
       Scale mail        |    26 |    79 ||   105
Dodge: Dodged            |    28 |    29 ||    57
Block: Shield            |    43 |    71 ||   114
